 Dungeon Crawl Stone Soup version 0.23.2-1-ga50397a (webtiles) character file.

Game seed: 807118089439322404

284 c14n the Ogre Mage (level 6, -7/55 HPs)
             Began as an Ogre Wizard on May 31, 2019.
             Killed from afar by Blork the orc (10 damage)
             ... with a magic dart
             ... on level 4 of the Dungeon.
             The game lasted 00:36:11 (5831 turns).

c14n the Ogre Mage (Ogre Wizard)                    Turns: 5831, Time: 00:36:19

Health: -7/55      AC:  3    Str: 12    XL:     6   Next: 29%
Magic:  4/15       EV: 10    Int: 21    God:
Gold:   196        SH:  0    Dex:  7    Spells: 12/17 levels left

rFire    . . .     SeeInvis .   y - +0 spear (venom)
rCold    . . .     Gourm    .   (no shield)
rNeg     . . .     Faith    .   a - +0 robe
rPois    .         Spirit   .   b - +0 hat
rElec    .         Reflect  .   (no cloak)
rCorr    .         Harm     .   (gloves unavailable)
MR       .....                  (boots unavailable)
Stlth    +.........             (no amulet)
HPRegen  0.18/turn              (no ring)
MPRegen  0.14/turn              (no ring)

@: no status effects
A: large, unfitting armour, tough skin 1
a: no special abilities


You were on level 4 of the Dungeon.
You were hungry.

You visited 1 branch of the dungeon, and saw 4 of its levels.

You collected 196 gold pieces.

Inventory:

Hand Weapons
 e - a +2 hunting sling of velocity
 j - a +0 hand axe
 u - a +2 short sword of draining
 y - a +0 spear of venom (weapon)
Missiles
 k - 101 stones
 t - 8 needles of confusion
 v - 3 tomahawks (quivered)
 A - 46 arrows
Armour
 a - a +0 robe (worn)
 b - a +0 hat (worn)
Jewellery
 s - an uncursed ring of positive energy {unknown}
Scrolls
 f - a scroll of remove curse {unknown}
 g - 5 scrolls of identify {unknown}
 i - 2 scrolls of enchant weapon {unknown}
 m - a scroll of magic mapping {unknown}
 q - a scroll of fear {unknown}
 x - a scroll of teleportation {unknown}
Potions
 h - a potion of mutation {unknown}
 l - a potion of haste {unknown}
 n - a potion of curing {unknown}
 o - a potion of brilliance {unknown}
 p - 2 potions of berserk rage {unknown}
 r - a potion of degeneration {unknown}
 w - a potion of lignification {unknown}
Comestibles
 d - 4 rations


   Skills:
 + Level 1.4 Fighting
 + Level 1.3(1.4) Axes
 * Level 0.4(1.0) Polearms
 + Level 2.2 Dodging
 + Level 1.7 Stealth
 + Level 0.1 Unarmed Combat
 + Level 6.0 Spellcasting
 + Level 2.3 Conjurations
 + Level 1.2 Summonings
 + Level 0.8 Translocations


You had 12 spell levels left.
You knew the following spells:

 Your Spells              Type           Power        Failure   Level  Hunger
a - Magic Dart            Conj           ###.         3%          1    None
b - Call Imp              Summ           ##......     9%          2    None
c - Blink                 Tloc           N/A          11%         2    None

Your spell library contained the following spells:

 Spells                   Type           Power        Failure   Level  Hunger
 Slow                     Hex            #.......     14%         2    None
 Conjure Flame            Conj/Fire      ##......     19%         3    ##.....
 Mephitic Cloud           Conj/Pois/Air  #.......     22%         3    ##.....


Dungeon Overview and Level Annotations

Branches:
Dungeon (4/15)
 Temple: D:4-7

Altars:
Trog
Xom
Yredelemnul

Annotations:
D:4 Blork the orc, Menkaure


Innate Abilities, Weirdness & Mutations

You are too large for most types of armour.
You have tough skin. (AC +1)


Message History

Casting: Blink (safe; 11% risk of failure)
Confirm with . or Enter, or press ? or * to list all spells.
You blink.
Blork the orc gestures at you while chanting.
The puff of frost misses you. Blork the orc casts a spell at you.
The puff of frost hits you!
* * * LOW HITPOINT WARNING * * *
The phantom blinks!
As you read the scroll labeled PORUSY IVVEMOM, it crumbles to dust.
The creatures around you are filled with an inner flame!
It was a scroll of immolation.
Casting: Blink (safe; 11% risk of failure)
Confirm with . or Enter, or press ? or * to list all spells.
You blink.
A quokka comes into view.
The phantom blinks!
Blork the orc casts a spell at you. The magic dart hits you!
You die...

#.###..####.#
#..###.###.# .# ##.. ..#
#....5.....# ..
............##### .
##.####..##### .....#
#### ###..####
.....##)......#
....r.....>##.#
######@##.##.# +#
#.W........#.####.###.#
#.####ยง##..#.##.......#
#O# #.##..#.##.#######
#o# #.##..#.##.# #.#
#.##.....#.#######
##.####o##.............#
#.M.o...###W...#.#####.#
#....###### #.#.##.# #.#


You could see a phantom (inner flame), Blork the orc (inner flame) and a quokka.

Vanquished Creatures
  A bullfrog skeleton (D:4)
  A hound (D:4)
  2 orc wizards (D:3)
  2 worker ants (D:4)
  3 adders
  2 leopard geckos
  4 orcs (D:3)
  3 giant cockroaches
  9 goblins
  10 hobgoblins
  5 jackals (D:2)
  A quokka (D:3)
  A ball python (D:3)
  8 bats
  4 frilled lizards
  8 kobolds
  7 rats
71 creatures vanquished.

Vanquished Creatures (collateral kills)
  A worker ant (D:4)
  3 gnolls (D:4)
  A giant cockroach (D:4)
  A frilled lizard (D:4)
6 creatures vanquished.

Grand Total: 77 creatures vanquished

Notes
Turn   | Place    | Note
-------+----------+-------------------------------------------
     0 | D:1      | c14n the Ogre Wizard began the quest for the Orb.
     0 | D:1      | Reached XP level 1. HP: 16/16 MP: 5/5
   129 | D:1      | Reached skill level 4 in Spellcasting
   224 | D:1      | Reached XP level 2. HP: 24/24 MP: 5/7
  1234 | D:2      | Reached XP level 3. HP: 17/31 MP: 2/9
  1455 | D:2      | Reached skill level 1 in Conjurations
  2184 | D:2      | Reached skill level 5 in Spellcasting
  2288 | D:2      | Found a shimmering altar of Xom.
  2496 | D:2      | Found a basalt altar of Yredelemnul.
  2907 | D:3      | Reached XP level 4. HP: 36/40 MP: 3/11
  3358 | D:3      | Found a bloodstained altar of Trog.
  3732 | D:3      | Reached skill level 1 in Fighting
  3912 | D:3      | Reached XP level 5. HP: 24/48 MP: 7/12
  3919 | D:3      | Reached skill level 1 in Axes
  4722 | D:4      | Learned a level 2 spell: Call Imp
  4725 | D:4      | Learned a level 2 spell: Blink
  5386 | D:4      | Reached skill level 1 in Summonings
  5386 | D:4      | Reached XP level 6. HP: 55/55 MP: 10/14
  5566 | D:4      | Reached skill level 6 in Spellcasting
  5740 | D:4      | Noticed a phantom
  5823 | D:4      | Noticed Menkaure
  5824 | D:4      | Noticed Blork the orc
  5831 | D:4      | Killed from afar by Blork the orc

Skill      XL: |  1  2  3  4  5  6 |
---------------+-------------------+-----
Spellcasting   | 4 5 6 |  6.0
Conjurations   | 1 2 |  2.3
Dodging        | 2 |  2.2
Fighting       | 1 |  1.4
Axes           | 1 |  1.3
Summonings     | 1 |  1.2
Polearms       | |  0.4
Stealth        | |  1.7
Unarmed Combat | |  0.1
Translocations | |  0.8

Action                   |  1- 3 |  4- 6 || total
-------------------------+-------+-------++-------
Melee: Unarmed           |     7 |       ||     7
       Hand axe          |    37 |    13 ||    50
       Hunting sling     |     1 |       ||     1
       Punch             |     1 |       ||     1
       Spear             |       |    18 ||    18
 Fire: Hunting sling     |     1 |       ||     1
 Cast: Magic Dart        |   103 |   114 ||   217
       Call Imp          |       |    15 ||    15
       Blink             |       |     4 ||     4
  Use: Scroll            |       |     1 ||     1
  Eat: Chunk             |     1 |     3 ||     4
       Ration            |     1 |     2 ||     3
Armor: Robe              |    17 |    11 ||    28
Dodge: Dodged            |    47 |    45 ||    92
